 Dungeon Crawl Stone Soup version 0.29-a0-184-g2ef5e920f0 (webtiles) character file.

Game seed: 3695114158150694324

5211 Anathary the Protected (level 10, -2/93 HPs)
             Began as a Minotaur Fighter on Feb 21, 2022.
             Was a Believer of Cheibriados.
             Slain by an orc warlord (26 damage)
             ... on level 1 of the Orcish Mines.
             The game lasted 00:29:43 (9409 turns).

Anathary the Protected (Minotaur Fighter)           Turns: 9409, Time: 00:29:43

Health: -2/93      AC: 16    Str: 27    XL:     10   Next: 35%
Magic:  9/9        EV:  9    Int: 11    God:    Cheibriados [**....]
Gold:   499        SH:  5    Dex: 14    Spells: 9/9 levels left

rFire   . . .      SeeInvis .   s - +3 woodcutter's axe {vorpal}
rCold   . . .      Faith    .   (shield currently unavailable)
rNeg    . . .      Spirit   .   q - +1 chain mail
rPois   .          Reflect  +   (helmet restricted)
rElec   .          Harm     .   C - +1 cloak {rCorr}
rCorr   +          Rampage  .   (no gloves)
Will    .....                   (no boots)
Stlth   ..........              t - amulet of reflection
HPRegen 0.25/turn               i - ring of resist corrosion
MPRegen 0.11/turn               (no ring)

@: very slow
A: horns 2, retaliatory headbutt
a: Renounce Religion, Bend Time


You were on level 1 of the Orcish Mines.
You worshipped Cheibriados.
Cheibriados was pleased with you.
You visited 3 branches of the dungeon, and saw 11 of its levels.

You collected 499 gold pieces.

Inventory:

Hand Weapons
 s - the +3 woodcutter's axe (weapon) {vorpal}
   (You found it on level 3 of the Dungeon)

   It inflicts extra damage upon your enemies.
Armour
 q - a +1 chain mail (worn)
 y - a +2 cloak
 C - a +1 cloak of preservation (worn)
Jewellery
 i - a ring of resist corrosion (left hand)
 k - a ring of protection from fire
 t - an amulet of reflection (around neck)
 E - a ring of flight
Wands
 b - a wand of flame (31)
 c - a wand of mindburst (7)
 w - a wand of polymorph (12)
Scrolls
 a - 2 scrolls of torment {unknown}
 e - a scroll of vulnerability
 h - 2 scrolls of identify
 l - a scroll of magic mapping
 o - a scroll of enchant armour
 p - 3 scrolls of teleportation
 u - a scroll of silence {unknown}
 v - 2 scrolls of enchant weapon {unknown}
 A - a scroll of fog
 B - a scroll of blinking
 D - a scroll of acquirement {unknown}
 F - a scroll of fear {unknown}
Potions
 d - a potion of might
 f - a potion of lignification
 g - a potion of curing {unknown}
 j - a potion of berserk rage {unknown}
 m - 3 potions of flight
 n - 3 potions of heal wounds
 r - 2 potions of mutation
 x - 2 potions of invisibility {unknown}
 z - 2 potions of ambrosia {unknown}


   Skills:
 + Level 10.2 Fighting
 + Level 10.1 Axes
 + Level 12.5 Armour
 - Level 4.5 Shields


You had 9 spell levels left.
You didn't know any spells.
Your spell library contained the following spells:

 Spells                   Type           Power      Damage    Failure   Level
 Blink                    Tloc           0%         N/A       91%         2
 Sublimation of Blood     Necr           0%         N/A       91%         2
 Ozocubu's Armour         Ice            0%         N/A       99%         3
 Petrify                  Tmut/Erth      0%         N/A       100%        4
 Irradiate                Conj/Tmut      0%         3d14      100%        5
 Manifold Assault         Tloc           0%         N/A       100%        5
 Ozocubu's Refrigeration  Ice            0%         4d5       100%        7
 Storm Form               Tmut/Air       0%         N/A       100%        7


Dungeon Overview and Level Annotations

Branches:
Dungeon (9/15)             Temple (1/1) D:5             Orc (1/2) D:9
   Lair: D:8-11

Altars:
Ashenzari
Cheibriados
Dithmenos
Gozag
Hepliaklqana
Makhleb
Nemelex Xobeh
Okawaru
Qazlal
Ru
Uskayaw
Vehumet
Yredelemnul
Zin
The Shining One

Shops:
D:4 (   D:5 *


Innate Abilities, Weirdness & Mutations

You have a pair of horns on your head.
You reflexively headbutt those who attack you in melee.


Message History

You hear a shout!
You hit the orc warlord.
The orc warlord is lightly wounded.
The orc warlord hits you with a +2 great sword of protection!!
You hit the orc warlord but do no damage.
Your headbutt misses the orc warlord.
The orc warlord is lightly wounded.
The orc priest begins to cast a cantrip, but forgets the words!
The orc warlord hits you with a +2 great sword of protection!
You hit the orc warlord.
The orc warlord is lightly wounded.
The orc warlord closely misses you.
You hit the orc warlord.
The orc warlord is moderately wounded.
The orc warlord roars a battlecry!
The orc goes into a battle-frenzy!
You hit the orc warlord.
The orc warlord is moderately wounded.
The orc priest looks satisfied for a moment.
The orc warlord hits you with a +2 great sword of protection.
You hit the orc warlord but do no damage.
You headbutt the orc warlord, but do no damage.
The orc warlord is moderately wounded.
An orc comes into view. It is wielding a +0 trident.
The orc warlord roars a battlecry!
The orc goes into a battle-frenzy!
You barely miss the orc warlord. Your headbutt misses the orc warlord.
The orc warlord is moderately wounded.
The orc warlord hits you with a +2 great sword of protection!
* * * LOW HITPOINT WARNING * * *
You barely miss the orc warlord. You headbutt the orc warlord.
The orc warlord is moderately wounded.
The orc warrior no longer looks unusually strong.
The orc warlord roars a battlecry!
The orc warrior goes into a battle-frenzy!
You hear a shout!
You hit the orc warlord but do no damage.
The orc warlord is moderately wounded.
The orc warlord hits you with a +2 great sword of protection!!
You die...

..##.#.....##.##
...#.......#...#
#.#............###
..............##.## #.
#.#...............# ..o
#.#..............## .h..
.................### .....
#........#....#.##o#oo....
##..............@ooh#
#.>.............##o#oo.#
.......)......####.# .#.#
............### ... ..
#.........).#.## #.## ..
...........#...# ### ##
.....#.........##
....#...........##
..........#......#


You could see an orc warlord, a warg, 2 orc warriors, an orc priest (strong) and
4 orcs.

Vanquished Creatures
  Pikel (D:9)
  Maurice (D:8)
  A troll (Orc:1)
  A hornet (D:8)
  2 wyverns (D:8)
  5 yaks (D:6)
  The ghost of Grim the Chopper, an amateur HOFi (D:4)
  Eustachio (D:4)
  2 steam dragons
  Menkaure (D:4)
  A black bear (D:7)
  2 orc warriors
  A necrophage (D:7)
  2 sky beasts
  4 ogres
  2 lemures (D:9)
  2 centaurs
  2 phantoms (D:5)
  A kobold brigand (D:7)
  A bullfrog (D:3)
  A gnoll sergeant (D:3)
  A water moccasin zombie (D:5)
  A water moccasin skeleton (D:5)
  4 killer bees (D:8)
  A wight (D:4)
  A howler monkey (D:5)
  A bullfrog zombie (D:6)
  A hound (D:5)
  2 iguanas (D:4)
  A jelly (D:7)
  An orc priest (D:7)
  Crazy Yiuf (D:7)
  2 gnoll shamans (D:7)
  An orc wizard (D:7)
  A hound skeleton (D:7)
  2 howler monkey zombies
  Robin (D:4)
  16 gnolls
  3 adders (D:2)
  A shadow imp (D:6)
  A dart slug (D:2)
  23 orcs
  4 ball pythons
  3 bats
  8 endoplasms
  3 giant cockroaches
  15 goblins
  8 hobgoblins
  14 kobolds
  3 quokkas (D:4)
  3 frilled lizards (D:1)
  5 rats
167 creatures vanquished.

Notes
Turn   | Place    | Note
-------+----------+-------------------------------------------
     0 | D:1      | Anathary the Minotaur Fighter began the quest for the Orb.
     0 | D:1      | Reached XP level 1. HP: 19/19 MP: 0/0
    34 | D:1      | Found a faded altar of an unknown god.
   325 | D:1      | Reached XP level 2. HP: 26/27 MP: 1/1
   510 | D:1      | Reached skill level 4 in Armour
   947 | D:2      | Found a shadowy altar of Dithmenos.
   976 | D:2      | Reached XP level 3. HP: 33/33 MP: 2/2
  1542 | D:2      | Reached XP level 4. HP: 40/40 MP: 3/3
  1795 | D:3      | Noticed a bullfrog
  1800 | D:3      | Killed a bullfrog
  1801 | D:3      | Reached XP level 5. HP: 35/47 MP: 4/4
  1894 | D:3      | Found an opulent altar of Gozag.
  2231 | D:3      | Found the +3 woodcutter's axe {vorpal}
  2241 | D:3      | Reached skill level 5 in Axes
  2241 | D:3      | Reached skill level 5 in Armour
  2853 | D:4      | Noticed Menkaure
  2866 | D:4      | HP: 2/47 [Menkaure (10)]
  2868 | D:4      | Killed Menkaure
  2869 | D:4      | Reached skill level 5 in Fighting
  2869 | D:4      | Reached XP level 6. HP: 3/56 MP: 5/5
  2904 | D:4      | Noticed Eustachio
  3242 | D:4      | Killed Eustachio
  3243 | D:4      | Reached skill level 6 in Armour
  3311 | D:4      | Found a broken altar of Ashenzari.
  3337 | D:4      | Noticed Robin
  3345 | D:4      | Killed Robin
  3346 | D:4      | Reached XP level 7. HP: 57/61 MP: 6/6
  3350 | D:4      | Found a glowing silver altar of Zin.
  3586 | D:4      | Found Wogiv's Weapon Emporium.
  3939 | D:4      | Found a runed translucent door.
  3943 | D:4      | Noticed Grim's ghost (amateur HOFi)
  3987 | D:4      | Killed Grim's ghost
  3988 | D:4      | Reached skill level 7 in Armour
  4939 | D:4      | Reached XP level 8. HP: 71/71 MP: 7/7
  5122 | D:5      | Entered Level 5 of the Dungeon
  5161 | D:5      | Found a radiant altar of Vehumet.
  5164 | D:5      | Found Imophiac's Neck Hole.
  5255 | D:5      | Reached skill level 8 in Armour
  5421 | D:5      | Found a staircase to the Ecumenical Temple.
  5429 | Temple   | Entered the Ecumenical Temple
  5436 | Temple   | Became a worshipper of Cheibriados the Contemplative
  5764 | D:6      | Reached skill level 9 in Armour
  5777 | D:6      | Reached XP level 9. HP: 50/82 MP: 8/8
  6762 | D:7      | Reached skill level 10 in Armour
  7093 | D:7      | Reached * piety under Cheibriados
  7588 | D:7      | Found a burning altar of Makhleb.
  7871 | D:7      | Found a runed translucent door.
  7872 | D:7      | Noticed Crazy Yiuf
  7877 | D:7      | Killed Crazy Yiuf
  7997 | D:8      | Reached skill level 11 in Armour
  8056 | D:8      | Noticed Maurice
  8090 | D:8      | Killed Maurice
  8421 | D:8      | Reached XP level 10. HP: 87/92 MP: 9/9
  8586 | D:8      | Reached skill level 12 in Armour
  9043 | D:9      | Found a stormy altar of Qazlal.
  9068 | D:9      | Noticed Pikel
  9077 | D:9      | Killed Pikel
  9078 | D:9      | Reached skill level 10 in Fighting
  9117 | D:9      | Found a hazy altar of Hepliaklqana.
  9129 | D:9      | Found a staircase to the Orcish Mines.
  9145 | D:9      | Reached ** piety under Cheibriados
  9172 | Orc:1    | Entered Level 1 of the Orcish Mines
  9203 | Orc:1    | Reached skill level 10 in Axes
  9385 | Orc:1    | Noticed an orc warlord
  9409 | Orc:1    | Slain by an orc warlord

Illustrated notes

Levels and vault maps discovered:
D:1:      eino_arrival_water_cross, layout_loops_ring, basic_ecumenical_altar,
          roderic_roman_lattice, minmay_statues_item
D:2:      layout_loops_ring, basic_altar
D:3:      layout_loops_ring, grunt_gozag_statues, hangedman_decor_points,
          pf_guarded_unrand_woodcutter
D:4:      layout_loops_ring, mainiacjoe_overflow_two_lobes,
          ebering_ghost_inner_flame, serial_shops, nicolae_shop_crystal,
          uniq_robin, uniq_eustachio, uniq_menkaure
D:5:      layout_rooms, fiery_altar_vehumet, minmay_temple_entry_glassed_door,
          nicolae_shop_sticking_my_neck_out
D:6:      layout_basic
D:7:      layout_cave_pools, makhleb_blood_cavern_becter,
          uniq_crazy_yiuf_cottage
D:8:      layout_gridville, uniq_maurice
D:9:      layout_loops_ring, kennysheep_mini_moat,
          nicolae_qazlal_style_of_elements, david_orc_2,
          grunt_decor_mini_mirrors, uniq_pikel
Temple:   cyrus_circular_temple
Orc:1:    layout_caves, basic_altar, nicolae_orc_tapped_out

Skill      XL: |  1  2  3  4  5  6  7  8  9 10 |
---------------+-------------------------------+-----
Fighting       | 4 5 6 8 9 10 | 10.2
Armour         | 4 5 6 7 9 11 12 | 12.5
Shields        | 4 |  4.5
Axes           | 3 4 5 6 7 8 9 10 | 10.1

Action                   |  1- 3 |  4- 6 |  7- 9 | 10-12 || total
-------------------------+-------+-------+-------+-------++-------
Melee: War axe           |    64 |    49 |       |       ||   113
       Headbutt          |     7 |    17 |    35 |    12 ||    71
       Battleaxe         |       |    34 |   215 |    57 ||   306
  Use: Scroll            |       |       |    12 |       ||    12
Armor: Scale mail        |    33 |       |       |       ||    33
       Chain mail        |       |    21 |    99 |    20 ||   140
Dodge: Dodged            |    27 |    32 |    55 |    10 ||   124
Block: Buckler           |    13 |     5 |       |       ||    18
       Other             |       |    11 |    40 |     3 ||    54

Table legend: (Time is in decaauts)
 A = Elapsed time spent in this place.
 B = Non-inter-level travel time spent in this place.
 C = Inter-level travel time spent in this place.
 D = Time resting spent in this place.
 E = Time spent auto-exploring this place.
 F = Levels seen in this place.
 G = Mean time per level.
                   A        B        C        D        E       F      G
               +--------+--------+--------+--------+--------+-----+--------+
         Total |  10373 |  10114 |    259 |   3105 |   4225 |  11 |  943.0 |
       Dungeon |  10061 |   9802 |    259 |   3029 |   4201 |   9 | 1117.9 |
        Temple |     17 |     17 |      0 |      0 |      0 |   1 |   17.0 |
  Orcish Mines |    294 |    294 |      0 |     76 |     23 |   1 |  294.0 |
               +--------+--------+--------+--------+--------+-----+--------+

Top non-repeatable levels by time:
     D:4: 1966 daAuts
     D:3: 1592 daAuts
     D:6: 1565 daAuts
     D:8: 1335 daAuts
     D:7: 1083 daAuts
     D:1: 848 daAuts
     D:2: 759 daAuts
     D:5: 637 daAuts
   Orc:1: 294 daAuts
     D:9: 272 daAuts
  Temple: 17 daAuts
